 Dungeon Crawl Stone Soup version 0.29.1-4-g47bece8355 (webtiles) character file.

Game seed: 9543538227239298247

581 H0rd4k the Insei (level 7, 0/43 (47) HPs)
             Began as an Octopode Artificer on Dec 5, 2022.
             Slain by Edmund
             ... wielding a +3 dire flail of draining
              (12 damage)
             ... on level 4 of the Dungeon.
             The game lasted 00:04:19 (4892 turns).

H0rd4k the Insei (Octopode Artificer)               Turns: 4892, Time: 00:04:19

HP:   0/43 (47)     AC:  1    Str: 11    XL:     7   Next: 36%
MP:   11/11         EV: 18    Int: 15    God:
Gold: 222           SH:  5    Dex: 19    Spells: 10/12 levels left

rFire   . . .      SeeInvis .     - Unarmed
rCold   . . .      Faith    .   (no shield)
rNeg    . . .      Spirit   .   (helmet restricted)
rPois   .          Reflect  +   u - amulet of reflection
rElec   .          Harm     .   j - +6 ring of dexterity
rCorr   .          Rampage  .   n - +4 ring of evasion
Will    .....                   (no ring)
Stlth   +++.......              (no ring)
HPRegen 0.14/turn               (no ring)
MPRegen 0.12/turn               (no ring)
                                (no ring)
                                (no ring)

@: drained
A: almost no armour, amphibious, 8 rings, camouflage 1, gelatinous body 1,
(nimble swimmer 1), tentacles
a: no special abilities


You were on level 4 of the Dungeon.
You visited 1 branch of the dungeon, and saw 4 of its levels.
You also visited: Ossuary.

You collected 222 gold pieces.

Inventory:

Magical Staves
 o - a staff of cold
Jewellery
 j - a +6 ring of dexterity (left tentacle)
 n - a +4 ring of evasion (right tentacle)
 u - an amulet of reflection (around mantle)
Wands
 b - a wand of flame (4)
 c - a wand of charming (8)
Scrolls
 h - 2 scrolls of identify {unknown}
 i - a scroll of enchant armour {unknown}
 m - a scroll of noise {unknown}
 p - a scroll of torment {unknown}
 q - a scroll of fog {unknown}
 r - 3 scrolls of teleportation {unknown}
 t - 2 scrolls of brand weapon {unknown}
 y - a scroll of magic mapping {unknown}
Potions
 a - 2 potions of ambrosia {unknown}
 e - 2 potions of resistance {unknown}
 f - 3 potions of attraction {unknown}
 g - 3 potions of curing {unknown}
 k - 2 potions of degeneration {unknown}
 l - a potion of heal wounds {unknown}
 s - a potion of brilliance {unknown}
 v - 2 potions of haste {unknown}
 w - a potion of cancellation {unknown}
 x - a potion of mutation {unknown}


   Skills:
 * Level 3.8 Fighting
 - Level 2.3 Dodging
 - Level 1.3 Stealth
 + Level 0.3 Shields
 + Level 4.8 Unarmed Combat
 * Level 3.2 Spellcasting
 * Level 1.4 Translocations
 - Level 3.2 Evocations


You had 10 spell levels left.
You knew the following spells:

 Your Spells              Type           Power      Damage    Failure   Level
a - Blink                 Tloc           12%        N/A       16%         2

Your spell library contained the following spells:

 Spells                   Type           Power      Damage    Failure   Level
 Slow                     Hex            8%         N/A       21%         1
 Static Discharge         Conj/Air       2%         3-4/arc   30%         2
 Lesser Beckoning         Tloc           6%         N/A       32%         3
 Confusing Touch          Hex            2%         N/A       52%         3
 Vampiric Draining        Necr           2%         2d6       52%         3
 Manifold Assault         Tloc           6%         N/A       96%         5
 Lightning Bolt           Conj/Air       1%         1d12      99%         5
 Maxwell's Capacitive Co  Air            1%         ∞         100%        8


Dungeon Overview and Level Annotations

Branches:
Dungeon (4/15)            Ossuary (visited)
 Temple: D:4-7

Altars:
Ashenzari
Hepliaklqana
Makhleb
Uskayaw
Yredelemnul
The Shining One

Shops:
D:4 [

Annotations:
D:3 3 runed translucent doors, exclusion: 3 doors, ymhsbmbesitwf's ghost, amateur MfHu
D:4 2 transporters, Edmund; lis82's ghost, amateur DgAE


Innate Abilities, Weirdness & Mutations

You cannot wear most types of armour.
You are amphibious.
You can wear up to eight rings at the same time.
Your skin changes colour to match your surroundings (Stealth+).
Your rubbery body absorbs attacks. (AC +1, EV +1)
((You are camouflaged when in or above water. (Stealth+)))
You have tentacles for arms and can constrict up to eight enemies at once.


Message History

z - 2 poisoned darts
Aiming: Iceblast
Press: ? - help, Shift-Dir - straight line, f - Edmund
Aim: Edmund, wielding a +3 dire flail of draining and wearing a +0 chain mail The mass of ice explodes!
The iceblast engulfs Edmund!
Edmund is moderately wounded.
Unknown command.
Aiming: Iceblast
Press: ? - help, Shift-Dir - straight line, f/p - Edmund
Aim: Edmund, wielding a +3 dire flail of draining and wearing a +0 chain mail (lightly wounded)
The mass of ice explodes!
The iceblast engulfs Edmund!
Edmund is severely wounded.
The now-empty wand crumbles to dust.
Okay, then.
Unknown command.
You throw a poisoned dart. The poisoned dart hits Edmund.
Edmund is severely wounded.
You throw a poisoned dart. The poisoned dart hits Edmund.
Edmund is poisoned.
Edmund is severely wounded.
Edmund hits you with a +3 dire flail of draining!
You feel drained.
You tentacle-slap Edmund but do no damage.
You grab Edmund. You squeeze Edmund.
Edmund is severely wounded.
You constrict Edmund, but do no damage. You block Edmund's attack.
You tentacle-slap Edmund but do no damage.
You squeeze Edmund.
Edmund is severely wounded.
You constrict Edmund, but do no damage.
Edmund hits you with a +3 dire flail of draining!
You feel drained.
* * * LOW HITPOINT WARNING * * *
Aiming: Throw Flame
Press: ? - help, Shift-Dir - straight line, f/p - Edmund
Aim: Edmund, wielding a +3 dire flail of draining and wearing a +0 chain mail (severely wounded, constricted by you, poisoned, 100% to hit)
The puff of flame hits Edmund.
Edmund is almost dead.
You constrict Edmund.
Edmund hits you with a +3 dire flail of draining!
You die...

#####..#.......#.#
#...#.......#.#
##..##.....##.#
##.####.####.#
######...........#
#.....#####..#####
#.###(# ##.# #@#
##..# ## .#
##@####..## ..#
#.# ##.......##
#.#
##.##.##..####.#
#.# #...#.##..#
#.# #.# ..... ...#
#.# #.# ...# ##.##
#.#
#.#####.#####.#
#.#
###...(.........#
#.#
.....####.######
#.#


You could see Edmund (poisoned).

Vanquished Creatures
  3 elf zombies (Ossuary)
  A centaur zombie (Ossuary)
  2 human zombies (Ossuary)
  A jelly (D:2)
  Terence (D:2)
  A hound zombie (D:3)
  2 mummies (Ossuary)
  7 gnolls
  3 adders
  A worm (D:3)
  3 dart slugs (D:1)
  An orc (D:3)
  2 bats
  6 endoplasms
  3 giant cockroaches (D:1)
  3 goblins (D:3)
  5 hobgoblins
  6 kobolds
  7 ball pythons
  A ball python zombie (D:3)
  3 frilled lizards
  A goblin zombie (Ossuary)
  7 hobgoblin zombies (Ossuary)
  A jackal zombie (Ossuary)
  7 kobold zombies (Ossuary)
  12 orc zombies (Ossuary)
  5 rats
  2 rat zombies (Ossuary)
97 creatures vanquished.

Vanquished Creatures (collateral kills)
  2 gnolls
2 creatures vanquished.

Vanquished Creatures (others)
  2 gnolls (D:3)
2 creatures vanquished.

Grand Total: 101 creatures vanquished

Notes
Turn   | Place    | Note
-------+----------+-------------------------------------------
     0 | D:1      | H0rd4k the Octopode Artificer began the quest for the Orb.
     0 | D:1      | Reached XP level 1. HP: 13/13 MP: 1/1
    43 | D:1      | Reached skill level 1 in Spellcasting
    43 | D:1      | Reached XP level 2. HP: 2/18 MP: 1/3
   554 | D:1      | Reached XP level 3. HP: 20/24 MP: 3/5
   783 | D:1      | Found a faded altar of an unknown god.
  1542 | D:2      | Reached skill level 1 in Unarmed Combat
  1710 | D:2      | Reached XP level 4. HP: 30/30 MP: 5/7
  1991 | D:2      | Noticed Terence
  1998 | D:2      | Killed Terence
  1999 | D:2      | Reached skill level 2 in Unarmed Combat
  1999 | D:2      | Reached XP level 5. HP: 27/36 MP: 8/8
  2603 | D:3      | Found a glowing golden altar of the Shining One.
  2638 | D:3      | Found a runed translucent gate.
  2638 | D:3      | Found a runed translucent gate.
  2638 | D:3      | Found a runed translucent gate.
  2638 | D:3      | Noticed ymhsbmbesitwf's ghost (amateur MfHu)
  2666 | D:3      | Found a basalt altar of Yredelemnul.
  2756 | D:3      | Found a burning altar of Makhleb.
  2792 | D:3      | Found a hide-covered altar of Uskayaw.
  2852 | D:3      | Reached skill level 3 in Unarmed Combat
  3419 | D:3      | Reached XP level 6. HP: 42/42 MP: 9/9
  3712 | D:3      | Learned a level 2 spell: Blink
  3740 | D:4      | Found a transporter.
  3742 | D:4      | Noticed lis82's ghost (amateur DgAE)
  3743 | D:4      | Found a transporter.
  3750 | D:4      | Found Bupabuu's Antique Armour Boutique.
  3821 | D:4      | Found a hazy altar of Hepliaklqana.
  3855 | D:4      | Found a sand-covered staircase.
  3880 | Ossuary  | Entered an ossuary
  4235 | Ossuary  | Reached skill level 4 in Unarmed Combat
  4253 | Ossuary  | Reached skill level 1 in Translocations
  4253 | Ossuary  | Reached XP level 7. HP: 4/46 MP: 11/11
  4798 | D:4      | Found a broken altar of Ashenzari.
  4844 | D:4      | Noticed Edmund
  4892 | D:4      | Slain by Edmund

Illustrated notes

Levels and vault maps discovered:
D:1:      nagdon_arrival_zigzag_paths, layout_loops_ring,
          ebering_ecumenical_altar_webs, st_stairs_2
D:2:      layout_rooms, uniq_terence
D:3:      layout_loops_corners, nicolae_yredelemnul_ghost_church,
          mainiacjoe_overflow_small_starburst, overflow_temple_1_default,
          nicolae_uskayaw_murder_on_the_dancefloor
D:4:      layout_loops_corners, nicolae_hepliaklqana_hazy_memory,
          old_standard_altar, minmay_temple_entry_stoned_glass, serial_shops,
          nicolae_shop_trees, gammafunk_ghost_mausoleum,
          nicolae_ossuary_entry_ruins, uniq_edmund

Skill      XL: |  1  2  3  4  5  6 |
---------------+-------------------+-----
Spellcasting   | 1 2 3 |  3.2
Fighting       | 2 3 |  3.8
Unarmed Combat | 1 2 3 4 |  4.8
Translocations | 1 |  1.4
Dodging        | |  2.3
Stealth        | |  1.3
Shields        | |  0.3
Evocations     | |  3.2

Action                   |  1- 3 |  4- 6 |  7- 9 || total
-------------------------+-------+-------+-------++-------
Melee: Club              |     3 |       |       ||     3
       Constrict         |    16 |    44 |    13 ||    73
       Tentacles         |    15 |    45 |    16 ||    76
       Unarmed           |    68 |   157 |    38 ||   263
       Punch             |       |     4 |     3 ||     7
Throw: Dart              |       |       |     2 ||     2
Evoke: Wand              |     6 |    14 |     3 ||    23
 Stab: Sleeping          |    10 |    12 |     2 ||    24
Armor: Skin              |     3 |    11 |     2 ||    16
Dodge: Dodged            |    31 |    97 |    15 ||   143
Block: Other             |       |    14 |     6 ||    20
